 Dungeon Crawl Stone Soup version 0.30-a0-1035-g38d5fb2972 (webtiles) character file.

Game seed: 11750823040430298429

186 voltaire321 the Chiller (level 5, -2/38 HPs)
             Began as a Merfolk Ice Elementalist on Apr 9, 2023.
             Slain by a gnoll
             ... wielding a +0 spear
              (4 damage)
             ... on level 3 of the Dungeon.
             The game lasted 00:08:22 (2569 turns).

voltaire321 the Chiller (Merfolk Ice Elementalist)  Turns: 2569, Time: 00:08:23

Health: -2/38      AC:  3    Str:  8    XL:     5   Next: 66%
Magic:  15/18      EV: 13    Int: 16    God:
Gold:   139        SH:  4    Dex: 15    Spells: 2/9 levels left

rFire   . . .      SeeInvis .    s - +2 hand axe (heavy)
rCold   . . .      Faith    .    n - +0 buckler
rNeg    . . .      Spirit   .    a - +0 robe
rPois   .          Reflect  .    (no helmet)
rElec   .          Rampage  .    r - +0 cloak
rCorr   .                        (no gloves)
Will    .....                    (no boots)
Stlth   ++                       (no amulet)
HPRegen 0.26/turn                k - ring of magical power
MPRegen 0.16/turn                (no ring)

@: no status effects
A: (nimble swimmer 2), mertail
a: no special abilities


You were on level 3 of the Dungeon.
You visited 1 branch of the dungeon, and saw 3 of its levels.

You collected 139 gold pieces.

Inventory:

Hand Weapons
 l - a +0 long sword
 s - a +2 heavy hand axe (weapon)
Armour
 a - a +0 robe (worn)
 n - a +0 buckler (worn)
 r - a +0 cloak (worn)
Jewellery
 k - a ring of magical power (left hand)
Scrolls
 d - a scroll of amnesia {unknown}
 e - a scroll of identify {unknown}
 f - a scroll of vulnerability {unknown}
 i - 2 scrolls of noise {unknown}
 j - a scroll of teleportation {unknown}
 q - a scroll of poison {unknown}
Potions
 b - a potion of magic
 c - 2 potions of heal wounds
 g - a potion of curing {unknown}
 h - a potion of brilliance {unknown}
 m - a potion of flight {unknown}
 o - 2 potions of cancellation {unknown}
 p - a potion of might {unknown}


   Skills:
 + Level 2.1 Fighting
 + Level 1.2 Armour
 + Level 3.9 Dodging
 - Level 2.1 Stealth
 + Level 1.5 Shields
 + Level 2.8 Spellcasting
 + Level 5.0 Ice Magic


You had 2 spell levels left.
You knew the following spells:

 Your Spells              Type           Power      Damage    Failure   Level
a - Freeze                Ice            72%        1d8       3%          1
b - Frozen Ramparts       Ice            36%        1d6       10%         3
c - Ozocubu's Armour      Ice            18%        N/A       10%         3

Your spell library contained the following spells:

 Spells                   Type           Power      Damage    Failure   Level
 Cigotuvi's Dreadful Rot  Necr/Pois/Air  4%         N/A       36%         2
 Summon Ice Beast         Ice/Summ       10%        N/A       65%         4
 Dispel Undead            Necr           2%         3d7       94%         4
 Death Channel            Necr           1%         N/A       100%        6


Dungeon Overview and Level Annotations

Branches:
Dungeon (3/15)

Altars:

Shops:
D:1 ![


Innate Abilities, Weirdness & Mutations

((You are very nimble when in or above water. (Stealth+, EV+, Speed+++)))
Your lower body shifts to a powerful aquatic tail in water.


Message History

You hit the jackal but do no damage.
The jackal is severely wounded.
The jackal barely misses you. The jackal closely misses you.
You hit the jackal.
You kill the jackal!
The gnoll hits you from afar with a +0 spear.
You block the gnoll's attack.
The gnoll hits you from afar with a +0 spear.
Aiming: Freeze (safe; 3% risk of failure)
Press: ? - help, Q - select action, (/) - cycle Shift-Dir - straight line, f - gnoll
Aim: a gnoll, wielding a +0 whip (moderately wounded)
You freeze the gnoll.
The gnoll is heavily wounded.
The gnoll hits you with a +0 whip.
The gnoll hits you from afar with a +0 spear.
The gnoll attacks as you move away! The gnoll hits you with a +0 whip.
The gnoll attacks as you move away! The gnoll barely misses you.
The gnoll attacks as you move away! You block the gnoll's attack.
The gnoll attacks as you move away! The gnoll misses you.
The gnoll attacks as you move away! The gnoll barely misses you.
You see here the felid corpse of Natasha.
The gnoll attacks as you move away! You block the gnoll's attack.
The gnoll attacks as you move away! The gnoll hits you with a +0 whip!
* * * LOW HITPOINT WARNING * * *
The gnoll attacks as you move away! The gnoll hits you with a +0 whip.
* * * LOW HITPOINT WARNING * * *
Aiming: Freeze (safe; 3% risk of failure)
Press: ? - help, Q - select action, (/) - cycle Shift-Dir - straight line, f/p - gnoll
Aim: a gnoll, wielding a +0 whip (heavily wounded)
You freeze the gnoll.
The gnoll is heavily wounded.
The gnoll hits you with a +0 whip.
* * * LOW HITPOINT WARNING * * *
Aiming: Freeze (safe; 3% risk of failure)
Press: ? - help, Q - select action, (/) - cycle Shift-Dir - straight line, f/p - gnoll
Aim: a gnoll, wielding a +0 whip (heavily wounded)
You freeze the gnoll!
You kill the gnoll!
The gnoll hits you from afar with a +0 spear.
You die...

#....##.#.###.#
##.###.#....##.####...
###.##
##.g...†.g.......
.)..# #[....##.####..
###.## ##>.#.###.##
####g#
#.#....#.#.####.####
#.g..#
#########g#........#
#g##.# #).####..#..
#.#### #####
#@.))....).. )h...#
#..)# #..#)####.##
..#### #...# #.##.#
### #...# #....####
##)## #.......# ♣♣.♣
###..##.#.# ♣.♣♣
#.........# ♣♣.♣
###..##.#.# ♣.♣♣
###..##.#.##


You could see a gnoll.

Vanquished Creatures
  Crazy Yiuf (D:3)
  Natasha (D:3)
  5 gnolls (D:3)
  4 adders (D:3)
  A dart slug (D:1)
  4 orcs (D:3)
  2 bats
  5 endoplasms
  A giant cockroach (D:2)
  3 goblins
  5 hobgoblins
  A jackal (D:3)
  2 quokkas
  2 ball pythons (D:2)
  8 frilled lizards
  6 kobolds
  6 rats
57 creatures vanquished.

Notes
Turn   | Place    | Note
-------+----------+-------------------------------------------
     0 | D:1      | voltaire321 the Merfolk Ice Elementalist began the quest
                  | for the Orb.
     0 | D:1      | Reached XP level 1. HP: 13/13 MP: 3/3
   146 | D:1      | Found Eruidgho's Antique Armour Emporium.
   295 | D:1      | You fall into a shaft and drop 1 floor!
   356 | D:2      | Reached XP level 2. HP: 15/20 MP: 1/5
   599 | D:1      | Found Ogukumufa's Distillery.
   950 | D:1      | Reached skill level 1 in Fighting
  1297 | D:2      | Reached XP level 3. HP: 26/26 MP: 6/6
  1617 | D:2      | Learned a level 3 spell: Frozen Ramparts
  2113 | D:3      | Found a runed translucent door.
  2114 | D:3      | Noticed Crazy Yiuf
  2121 | D:3      | HP: 1/26 [poisoned by Crazy Yiuf]
  2121 | D:3      | Killed Crazy Yiuf
  2122 | D:3      | Reached skill level 1 in Shields
  2122 | D:3      | Reached XP level 4. HP: 2/33 MP: 7/7
  2257 | D:3      | Reached skill level 1 in Armour
  2274 | D:3      | Reached XP level 5. HP: 31/38 MP: 7/8
  2426 | D:3      | Noticed Natasha
  2436 | D:3      | Killed Natasha
  2437 | D:3      | Reached skill level 5 in Ice Magic
  2488 | D:3      | Learned a level 3 spell: Ozocubu's Armour
  2568 | D:3      | HP: 1/38 [gnoll/+0 whip (6)]
  2569 | D:3      | Slain by a gnoll

Illustrated notes

Levels and vault maps discovered:
D:1:      dpeg_arrival_rooms_with_view, layout_loops_corners, serial_shops,
          nicolae_shop_statue_plus, nicolae_shop_competitors_out_of_business
D:2:      layout_basic, minmay_lizard_pond
D:3:      layout_loops_ring, hellmonk_ecumenical_altar_pennies_from_heaven,
          uniq_crazy_yiuf_cottage, uniq_natasha

Skill      XL: |  1  2  3  4  5 |
---------------+----------------+-----
Dodging        | 3 |  3.9
Fighting       | 1 2 |  2.1
Shields        | 1 |  1.5
Armour         | 1 |  1.2
Ice Magic      | 5 |  5.0
Stealth        | |  2.1
Spellcasting   | |  2.8

Action                     |  1- 3 |  4- 6 || total
---------------------------+-------+-------++-------
  Melee: Unarmed           |    11 |       ||    11
         Whip              |    11 |     1 ||    12
         Hand axe          |       |    11 ||    11
   Cast: Freeze            |    62 |    37 ||    99
         Frozen Ramparts   |     1 |     1 ||     2
    Use: Potion            |       |     1 ||     1
 Armour: Robe              |    13 |     6 ||    19
  Dodge: Dodged            |    41 |    35 ||    76
  Block: Buckler           |     5 |    14 ||    19

Table legend: (Time is in decaauts)
 A = Elapsed time spent in this place.
 B = Non-inter-level travel time spent in this place.
 C = Inter-level travel time spent in this place.
 D = Time resting spent in this place.
 E = Time spent auto-exploring this place.
 F = Levels seen in this place.
 G = Mean time per level.
                   A        B        C        D        E       F      G
               +--------+--------+--------+--------+--------+-----+--------+
         Total |   2574 |   2497 |     77 |    356 |   1548 |   3 |  858.0 |
       Dungeon |   2574 |   2497 |     77 |    356 |   1548 |   3 |  858.0 |
               +--------+--------+--------+--------+--------+-----+--------+

Top non-repeatable levels by time:
     D:1: 1171 daAuts
     D:2: 761 daAuts
     D:3: 642 daAuts
